 Dungeon Crawl Stone Soup version 0.31.0-11-ge490571c62 (webtiles) character file.

Game seed: 6388988832643361219

9834 Drazool the Zephyrmancer (level 11, -10/92 HPs)
             Began as a Naga Summoner on Feb 2, 2024.
             Was a Priest of Sif Muna.
             Mangled by a blink frog (12 damage)
             ... on level 9 of the Dungeon.
             The game lasted 00:47:07 (10450 turns).

Drazool the Zephyrmancer (Naga Summoner)           Turns: 10450, Time: 00:47:08

Health: -10/92     AC: 12    Str: 11    XL:     11   Next: 52%
Magic:  14/21      EV:  8    Int: 20    God:    Sif Muna [***...]
Gold:   629        SH:  0    Dex: 15    Spells: 10/24 levels left

rFire   . . .        e - +0 trident
rCold   . . .        (no shield)
rNeg    . . .        a - +0 robe
rPois   +            g - +0 helmet
rElec   .            y - +0 cloak
rCorr   .            d - +0 pair of gloves
SInv    +            k - +1 barding of Ehaegh {rPois Will+ Dex+4}
Will    ++...        h - amulet of the acrobat
Stlth   ++           (no ring)
HPRegen 0.35/turn    (no ring)
MPRegen 0.17/turn

%: acrobat
@: very slow
A: AC +3, large, see invisible, deformed body, poison resistance, slowness 2,
spit poison 1, naga tail 1
a: Spit Poison, Renounce Religion, Channel Magic, Forget Spell


You were on level 9 of the Dungeon.
You worshipped Sif Muna.
Sif Muna was most pleased with you.
You visited 3 branches of the dungeon, and saw 12 of its levels.

You collected 629 gold pieces.


Innate Abilities, Weirdness & Mutations

Your serpentine skin is tough. (AC +3)
You have supernaturally acute eyesight. (SInv)
Armour fits poorly on your strangely shaped body.
Your system is resistant to poisons. (rPois)
You cover ground very slowly.
You can spit poison.
You have a snake-like lower body.


   Skills:
 - Level 4.0 Fighting
 - Level 3.0 Dodging
 - Level 3.0 Stealth
 - Level 7.0 Spellcasting
 - Level 8.0 Summonings
 - Level 8.0 Fire Magic
 + Level 8.6 Air Magic
 - Level 7.0 Invocations
 - Level 3.0 Evocations


You had 10 spell levels left.
You knew the following spells:

 Your Spells              Type           Power      Damage    Failure   Level
c - Call Imp              Summ           78%        N/A       1%          2
f - Call Canine Familiar  Summ           39%        N/A       1%          3
l - Summon Lightning Spi  Summ/Air       40%        N/A       3%          4
z - Summon Small Mammal   Summ           100%       N/A       1%          1
X - Summon Blazeheart Go  Fire/Summ      39%        N/A       3%          4

Your spell library contained the following spells:

 Spells                   Type           Power      Damage    Failure   Level
 Swiftness                Air            41%        N/A       1%          3
 Static Discharge         Conj/Air       48%        3-5/arc   2%          2
 Airstrike                Air            20%        2d(3-19)  2%          4
 Inner Flame              Hex/Fire       23%        N/A       5%          3
 Necrotise                Necr           28%        1d5       10%         1
 Ensorcelled Hibernation  Hex/Ice        14%        N/A       14%         2
 Flame Wave               Conj/Fire      23%        2d8       19%         4
 Martyr's Knell           Necr/Summ      23%        N/A       19%         4
 Sticky Flame             Fire/Alch      23%        2d6       19%         4
 Gell's Gravitas          Tloc           7%         N/A       28%         3
 Passwall                 Erth           7%         N/A       28%         3
 Sigil of Binding         Hex            7%         N/A       28%         3
 Teleport Other           Tloc           7%         N/A       28%         3
 Tukima's Dance           Hex            7%         N/A       28%         3
 Vampiric Draining        Necr           7%         2d6       28%         3
 Anguish                  Hex/Necr       3%         N/A       67%         4
 Cause Fear               Hex            3%         N/A       67%         4
 Dimensional Bullseye     Hex/Tloc       3%         N/A       67%         4
 Passage of Golubria      Tloc           7%         N/A       67%         4
 Curse of Agony           Necr           7%         N/A       95%         5
 Yara's Violent Unravell  Hex/Alch       3%         3d4       95%         5
 Dispersal                Tloc           3%         N/A       100%        6
 Enfeeble                 Hex            3%         N/A       100%        7

Inventory:

Hand Weapons
 e - a +0 trident (weapon)
Missiles
 C - 5 throwing nets {=f}
Armour
 a - a +0 robe (worn)
 d - a +0 pair of gloves (worn)
 g - a +0 helmet (worn)
 k - the +1 barding of Ehaegh (worn) {rPois Will+ Dex+4}
   (You acquired it on level 8 of the Dungeon)

   Dex+4:     It affects your dexterity (+4).
   rPois:     It protects you from poison Will+: It increases your willpower.
 v - the +7 Kryia's mail coat {PotionHeal*2 rC+}
   (You found it on level 7 of the Dungeon)

   PotionHeal*2: Potions heal its wearer twice as much.
   rC+:       It protects you from cold.
 y - a +0 cloak (worn)
Magical Staves
 A - a staff of air {!a}
 B - a staff of earth {!a}
 H - a staff of alchemy {!a}
Jewellery
 h - an amulet of the acrobat (around neck)
Wands
 o - a wand of quicksilver (2)
 F - a wand of roots (9)
 I - a wand of charming (4)
Scrolls
 c - 2 scrolls of immolation
 m - 4 scrolls of poison
 q - 2 scrolls of butterflies
 t - 2 scrolls of fog
 w - 6 scrolls of teleportation {@r2}
 D - a scroll of fear
 E - 2 scrolls of noise {unknown}
 G - a scroll of revelation
 J - a scroll of vulnerability {unknown}
Potions
 b - a potion of magic
 f - 9 potions of curing {@q1}
 i - 4 potions of ambrosia
 j - 2 potions of degeneration {unknown}
 l - 3 potions of haste {@q3}
 n - 4 potions of heal wounds {@q2}
 p - a potion of mutation {unknown}
 r - 2 potions of brilliance {unknown}
 s - a potion of invisibility {unknown}
 u - 2 potions of berserk rage {unknown}
 x - 3 potions of attraction
 z - 2 potions of cancellation {unknown}
 K - a potion of might {unknown}
 L - a potion of experience {unknown}
 M - a potion of lignification {unknown}

Dungeon Overview and Level Annotations

Branches:
Dungeon (10/15)            Temple (1/1) D:7            Lair (1/5) D:9
    Orc (0/2) D:9

Altars:
Ashenzari
Cheibriados
Dithmenos
Elyvilon
Fedhas
Gozag
Hepliaklqana
Kikubaaqudgha
Makhleb
Nemelex Xobeh
Okawaru
Qazlal
Ru
Sif Muna
Trog
Uskayaw
Vehumet
Wu Jian
Xom
Yredelemnul
Zin
The Shining One

Shops:
D:2 *   D:4 ( D:5

( .#.#†####[...##.#....##
.#<#..[<...###..♣..#..#
.#######...#.......PP.#
.......'........P.....##
.#######......♣......PP#
.# #....♣.......♣..## .#
##P.......P..P...# ##
#..P...FP.♣...P.#
##.....PF@....P..#
#.......F..9..P.♣#
#.......P..P.P...#
#........P♣..P..##
#..........P..P.#########
#.......(P....P.........#
#.............#########.#
#.......................#
#........##.#############


You could see 3 blink frogs and a friendly blazeheart golem (summoned).


Message History

The bolt of electricity hits the blink frog!
The blink frog closely misses you.
The blink frog blinks!
You hit the blink frog.
The blink frog is severely wounded.
The blink frog blinks!
The blink frog hits you! x2
* * * LOW HITPOINT WARNING * * *
The blink frog hits you.
* * * LOW HITPOINT WARNING * * *
The blink frog hits you.
* * * LOW HITPOINT WARNING * * *
The blink frog hits you but does no damage.
The blink frog hits you.
* * * LOW HITPOINT WARNING * * *
Unknown command.
The blink frog hits your lightning spire!
The blink frog hits you but does no damage.
The blink frog blinks!
The blink frog hits you.
* * * LOW HITPOINT WARNING * * *
The blink frog hits you.
* * * LOW HITPOINT WARNING * * *
You climb upwards.
Welcome back to the Dungeon!
Your summoned ally is left behind.
There is a staircase to the Lair here.
Casting: Summon Lightning Spire (dangerous; 3% risk of failure)
Confirm with . or Enter, or press ? or * to list all spells.
A fiery spirit appears, bound in slag iron.
The blink frog hits you!
* * * LOW HITPOINT WARNING * * *
The blink frog hits you!
You die...

Skill      XL: |  1  2  3  4  5  6  7  8  9 10 11 |
---------------+----------------------------------+-----
Summonings     | 5 6 7 8 |  8.0
Fire Magic     | 3 6 8 |  8.0
Spellcasting   | 3 4 5 6 7 |  7.0
Fighting       | 2 3 4 |  4.0
Air Magic      | 5 6 7 8 |  8.6
Dodging        | 3 |  3.0
Evocations     | 3 |  3.0
Invocations    | 5 7 |  7.0
Stealth        | |  3.0

Action                     |  1- 3 |  4- 6 |  7- 9 | 10-12 || total
---------------------------+-------+-------+-------+-------++-------
  Melee: Unarmed           |    14 |       |       |       ||    14
         Punch             |     2 |       |       |       ||     2
         Trident           |    59 |    57 |    24 |    70 ||   210
   Cast: Summon Small Mamm |    44 |    17 |     4 |       ||    65
         Call Imp          |     4 |     5 |     6 |     1 ||    16
         Call Canine Famil |     1 |    19 |    12 |     4 ||    36
         Summon Blazeheart |       |       |    34 |    37 ||    71
         Summon Lightning  |       |       |       |     8 ||     8
 Invoke: Channel Magic     |       |       |       |     1 ||     1
Ability: Spit Poison       |     1 |       |       |     1 ||     2
  Evoke: Wand              |       |       |       |     1 ||     1
    Use: Scroll            |       |       |    11 |     4 ||    15
         Potion            |       |       |     2 |       ||     2
   Stab: Sleeping          |       |     4 |       |       ||     4
         Distracted        |       |       |       |     1 ||     1
 Armour: Robe              |    41 |    31 |    45 |    93 ||   210
  Dodge: Dodged            |    41 |    26 |    41 |    78 ||   186

Levels and vault maps discovered:
D:1:      lemuel_arrival_river_ford, layout_rooms,
          dreamdust_ecumenical_altar_drowned_temple
D:2:      layout_loops_ring, serial_shops, shop_fountains,
          minmay_misc_feat_encased
D:3:      layout_loops_cross
D:4:      layout_basic, serial_shops, nicolae_shop_pleasant_corner_grove,
          solitary_fountain, kennysheep_another_room
D:5:      layout_basic, serial_shops, kennysheep_mini_moat, grunt_ministairs_12,
          columned_hall_lemuel
D:6:      minmay_razor_zed, layout_basic, nicolae_overflow_two_pavilions,
          kennysheep_little_box, kennysheep_windowed_goal
D:7:      layout_loops_ring, mainiacjoe_overflow_chevrons,
          minmay_temple_entry_trees
D:8:      layout_loops_ring, enter_bailey_5, hangedman_abyss_or_decor_passed
D:9:      layout_basic, minmay_lair_entry_grove, david_orc_5
D:10:     layout_gridville, old_standard_altar, uniq_josephine
Temple:   minmay_crystal_spiral_temple
Lair:1:   layout_small_grid, nzn_ghost_randoct, serial_bayou,
          serial_bayou_ford_a, serial_bayou_lake_a, serial_bayou_shore_a,
          serial_bayou_pond_e, chequers_serial_rivers_micro_c, minivault_23,
          lemuel_fruit_tree

Notes
Turn   | Place    | Note
-------+----------+-------------------------------------------
     0 | D:1      | Drazool the Naga Summoner began the quest for the Orb.
     0 | D:1      | Reached XP level 1. HP: 15/15 MP: 3/3
   261 | D:1      | Reached XP level 2. HP: 21/22 MP: 3/5
   315 | D:1      | Learned a level 2 spell: Call Imp
   410 | D:1      | Reached XP level 3. HP: 15/28 MP: 4/6
   412 | D:1      | Reached skill level 5 in Summonings
   416 | D:1      | Learned a level 3 spell: Call Canine Familiar
   646 | D:1      | Found a faded altar of an unknown god.
  1045 | D:2      | Found Diamoom's Assorted Antiques.
  1202 | D:2      | Identified the +0 leather armour "Yxkedefu" {rC- Str+4}
  1326 | D:2      | Reached XP level 4. HP: 26/36 MP: 4/7
  2126 | D:3      | Reached skill level 6 in Summonings
  2345 | D:3      | Reached XP level 5. HP: 41/42 MP: 8/8
  2402 | D:3      | Reached skill level 1 in Fire Magic
  2767 | D:4      | Reached skill level 2 in Fire Magic
  3112 | D:4      | Noticed a black bear
  3124 | D:4      | Killed a black bear
  3125 | D:4      | Reached skill level 3 in Fire Magic
  3125 | D:4      | Reached XP level 6. HP: 49/49 MP: 4/9
  3613 | D:4      | Found Beablev's Weapon Boutique.
  3688 | D:4      | Reached skill level 3 in Spellcasting
  3825 | D:5      | Entered Level 5 of the Dungeon
  3831 | D:5      | Learned a level 4 spell: Summon Blazeheart Golem
  4025 | D:5      | Reached XP level 7. HP: 54/55 MP: 9/12
  4141 | D:5      | Reached skill level 4 in Spellcasting
  4234 | D:5      | Reached skill level 4 in Fire Magic
  4626 | D:5      | Found Gedghoecs's Weapon Boutique.
  4773 | D:6      | Found a white marble altar of Elyvilon.
  4807 | D:6      | Reached skill level 5 in Fire Magic
  4872 | D:6      | Reached skill level 6 in Fire Magic
  4872 | D:6      | Reached XP level 8. HP: 47/62 MP: 3/14
  4995 | D:6      | You fall into a shaft and drop 2 floors!
  5090 | D:8      | Noticed a troll
  5101 | D:8      | Killed a troll
  5102 | D:8      | Reached skill level 5 in Spellcasting
  5102 | D:8      | Reached skill level 2 in Fighting
  5102 | D:8      | Reached skill level 2 in Air Magic
  5144 | D:8      | Learned a level 4 spell: Summon Lightning Spire
  5272 | D:8      | Identified a scroll of acquirement
  5272 | D:8      | Acquired the +1 barding of Ehaegh {rPois Will+ Dex+4}
  5292 | D:8      | Noticed a hornet
  5302 | D:8      | Killed a hornet
  5303 | D:8      | Reached skill level 3 in Air Magic
  5303 | D:8      | Reached skill level 4 in Air Magic
  5590 | D:7      | Found a staircase to the Ecumenical Temple.
  5602 | D:7      | Reached skill level 5 in Air Magic
  5607 | Temple   | Entered the Ecumenical Temple
  5692 | Temple   | Became a worshipper of Sif Muna the Loreminder
  5793 | D:6      | Reached XP level 9. HP: 73/73 MP: 12/16
  5844 | D:6      | Reached skill level 6 in Air Magic
  5962 | D:6      | Reached skill level 3 in Fighting
  5966 | D:6      | Reached skill level 2 in Dodging
  6172 | D:6      | Found an ornate altar of the Wu Jian Council.
  6172 | D:6      | Found a glowing golden altar of the Shining One.
  6230 | D:6      | Reached skill level 3 in Dodging
  6233 | D:6      | Reached skill level 1 in Evocations
  6254 | D:6      | Reached skill level 2 in Evocations
  6398 | D:6      | Reached skill level 3 in Evocations
  6530 | D:6      | Reached skill level 2 in Invocations
  6616 | D:6      | Reached skill level 3 in Invocations
  6682 | D:6      | Reached skill level 4 in Invocations
  6929 | D:7      | Reached * piety under Sif Muna
  6940 | D:7      | Reached skill level 5 in Invocations
  7206 | D:7      | Reached skill level 7 in Summonings
  7219 | D:7      | Reached XP level 10. HP: 80/84 MP: 7/17
  7405 | D:7      | Found an ancient bone altar of Kikubaaqudgha.
  7485 | D:7      | Found the +7 Kryia's mail coat {PotionHeal*2 rC+}
  8125 | D:9      | Reached skill level 7 in Fire Magic
  8135 | D:9      | Reached skill level 7 in Air Magic
  8145 | D:9      | Reached skill level 6 in Invocations
  8194 | D:9      | Reached skill level 7 in Invocations
  8207 | D:9      | Reached ** piety under Sif Muna
  8321 | D:9      | Found a staircase to the Lair.
  8395 | D:9      | Reached skill level 6 in Spellcasting
  8557 | D:9      | Reached skill level 8 in Fire Magic
  8576 | D:9      | Reached XP level 11. HP: 60/90 MP: 16/20
  8837 | D:9      | Reached skill level 8 in Air Magic
  8869 | D:9      | Found a staircase to the Orcish Mines.
  9309 | D:10     | Entered Level 10 of the Dungeon
  9543 | D:10     | Noticed Josephine
  9564 | D:10     | Killed Josephine
  9565 | D:10     | Reached skill level 8 in Summonings
  9577 | D:10     | Reached skill level 4 in Fighting
  9735 | D:10     | Reached *** piety under Sif Muna
  9828 | D:10     | Found a blossoming altar of Fedhas.
 10172 | D:10     | Noticed a four-headed hydra
 10179 | D:10     | Killed a four-headed hydra
 10180 | D:10     | Reached skill level 7 in Spellcasting
 10308 | Lair:1   | Entered Level 1 of the Lair of Beasts
 10450 | D:9      | HP: 2/92 [blink frog (11)]
 10450 | D:9      | Mangled by a blink frog

Vanquished Creatures
  Josephine (D:10)
  A hydra (D:10)
  A cane toad (Lair:1)
  2 trolls
  2 hornets
  3 wyverns (D:9)
  5 wraiths
  A basilisk (D:9)
  7 yaks
  4 water moccasins
  3 orc warriors
  2 ice beasts (D:6)
  An ogre (D:6)
  A wolf (D:9)
  2 phantoms
  A kobold brigand (D:6)
  A nameless horror (D:7)
  A bullfrog (D:9)
  A gnoll sergeant (D:9)
  A scorpion (D:6)
  3 killer bees (D:7)
  A hound (D:4)
  A gnoll bouda (D:7)
  2 orc priests
  4 orc wizards
  9 gnolls
  An adder (D:2)
  A dart slug (D:1)
  4 orcs
  3 bats
  An endoplasm (D:1)
  A giant cockroach (D:1)
  5 goblins
  2 hobgoblins
  5 kobolds
  A quokka (D:3)
  2 ball pythons (D:2)
  2 rats (D:1)
89 creatures vanquished.

Vanquished Creatures (collateral kills)
  A wyvern (D:9)
  2 yaks (D:10)
  A steam dragon (D:6)
  3 water moccasins
  2 orc warriors (D:9)
  A sky beast (D:8)
  2 ice beasts
  3 black bears
  An ogre (D:4)
  A wolf (D:9)
  3 gnoll sergeants
  5 bullfrogs
  A scorpion (D:6)
  2 killer bees
  A howler monkey (D:7)
  A hound (D:6)
  A jelly (D:7)
  A gnoll bouda (D:6)
  5 orc priests
  A sleepcap (D:5)
  2 iguanas
  4 orc wizards
  16 gnolls
  3 adders
  A shadow imp (D:7)
  A white imp (D:6)
  An ufetubus (D:6)
  5 dart slugs
  3 ribbon worms
  38 orcs
  2 ball pythons
  7 bats
  8 endoplasms
  5 giant cockroaches
  4 goblins
  7 hobgoblins
  6 kobolds
  3 quokkas
  4 frilled lizards
  5 rats
  A spectral kobold (D:1)
164 creatures vanquished.

Vanquished Creatures (others)
  An orc wizard (D:8)
  48 blazeheart cores
49 creatures vanquished.

Grand Total: 302 creatures vanquished

Table legend: (Time is in decaauts)
 A = Elapsed time spent in this place.
 B = Non-inter-level travel time spent in this place.
 C = Inter-level travel time spent in this place.
 D = Time resting spent in this place.
 E = Time spent auto-exploring this place.
 F = Levels seen in this place.
 G = Mean time per level.
                   A        B        C        D        E       F      G
               +--------+--------+--------+--------+--------+-----+--------+
         Total |  12993 |  12369 |    624 |    737 |   8822 |  12 | 1082.8 |
       Dungeon |  12729 |  12342 |    387 |    737 |   8822 |  10 | 1272.9 |
        Temple |    237 |      1 |    236 |      0 |      0 |   1 |  237.0 |
          Lair |     26 |     26 |      0 |      0 |      0 |   1 |   26.0 |
               +--------+--------+--------+--------+--------+-----+--------+

Top non-repeatable levels by time:
     D:6: 1611 daAuts
     D:9: 1545 daAuts
     D:4: 1379 daAuts
     D:2: 1357 daAuts
     D:7: 1254 daAuts
    D:10: 1185 daAuts
     D:8: 1162 daAuts
     D:5: 1160 daAuts
     D:1: 1049 daAuts
     D:3: 1025 daAuts
  Temple: 237 daAuts
  Lair:1: 26 daAuts

Table legend:
 A = Non-vault XP
 B = Vault XP
 C = Vault XP percentage of total XP
 D = Non-vault monster count
 E = Vault monster count
 F = Vault count percentage of total count
                 A         B        C        D         E       F
            +---------+---------+-------+---------+---------+-------
      Total |    8904 |    5145 |  36.6 |     193 |      60 |  23.7
            +---------+---------+-------+---------+---------+-------
        D:1 |      55 |       1 |   1.8 |      30 |       1 |   3.2
        D:2 |      68 |       0 |   0.0 |      23 |       0 |   0.0
        D:3 |      57 |       0 |   0.0 |      20 |       0 |   0.0
        D:4 |     358 |       0 |   0.0 |      14 |       0 |   0.0
        D:5 |     189 |     156 |  45.2 |       6 |       6 |  50.0
        D:6 |    1056 |    1050 |  49.9 |      19 |      13 |  40.6
        D:7 |    1210 |       0 |   0.0 |      27 |       0 |   0.0
        D:8 |     839 |       8 |   0.9 |      11 |       4 |  26.7
        D:9 |    2492 |    2377 |  48.8 |      29 |      32 |  52.5
       D:10 |    2177 |    1553 |  41.6 |      13 |       4 |  23.5
     Lair:1 |     403 |       0 |   0.0 |       1 |       0 |   0.0
            +---------+---------+-------+---------+---------+-------
